 Dungeon Crawl Stone Soup version 0.29.1-1-gd02db6906a (webtiles) character file.

Game seed: 5958396441117827987

5 Marcotte the Conjurer (level 1, 0/13 HPs)
             Began as a Human Conjurer on Sept 19, 2022.
             Killed from afar by a dart slug (1 damage)
             ... with a slug dart
             ... on level 1 of the Dungeon.
             The game lasted 00:02:15 (231 turns).

Marcotte the Conjurer (Human Conjurer)               Turns: 231, Time: 00:02:15

Health: 0/13       AC:  2    Str:  7    XL:     1   Next: 88%
Magic:  0/3        EV: 12    Int: 18    God:
Gold:   0          SH:  0    Dex: 11    Spells: 3/4 levels left

rFire   . . .      SeeInvis .   (no weapon)
rCold   . . .      Faith    .   (no shield)
rNeg    . . .      Spirit   .   a - +0 robe
rPois   .          Reflect  .   (no helmet)
rElec   .          Harm     .   (no cloak)
rCorr   .          Rampage  .   (no gloves)
Will    .....                   (no boots)
Stlth   +.........              (no amulet)
HPRegen 0.04/turn               (no ring)
MPRegen 0.08/turn               (no ring)

@: very slow
A: no striking features
a: no special abilities


You were on level 1 of the Dungeon.
You visited 1 branch of the dungeon, and saw 1 of its levels.

Inventory:

Armour
 a - a +0 robe (worn)
Potions
 b - a potion of magic


   Skills:
 + Level 2.0 Dodging
 + Level 2.0 Stealth
 + Level 2.0 Spellcasting
 + Level 4.3 Conjurations


You had 3 spell levels left.
You knew the following spells:

 Your Spells              Type           Power      Damage    Failure   Level
a - Magic Dart            Conj           68%        1d6       3%          1

Your spell library contained the following spells:

 Spells                   Type           Power      Damage    Failure   Level
 Searing Ray              Conj           34%        2d5       4%          2
 Dazzling Flash           Conj/Hex       18%        N/A       22%         3
 Fulminant Prism          Conj/Hex       4%         3d6       58%         4
 Iskenderun's Mystic Bla  Conj/Tloc      9%         2d4       58%         4


Dungeon Overview and Level Annotations

Branches:
Dungeon (1/15)

Altars:


Message History

Confirm with . or Enter, or press ? or * to list all spells.
Aiming: Magic Dart (safe; 3% risk of failure)
Press: ? - help, Shift-Dir - straight line, f/p - dart slug
Aim: a dart slug (heavily wounded, 100% to hit)
The magic dart hits the dart slug.
You kill the dart slug!
The dart slug launches a dart at you. The slug dart misses you.
Unknown command.
The dart slug launches a dart at you. The slug dart hits you.
You see here a dart slug corpse.
A goblin is nearby!
You start resting.
A dart slug is nearby!
Casting: Magic Dart (safe; 3% risk of failure)
Confirm with . or Enter, or press ? or * to list all spells.
Aiming: Magic Dart (safe; 3% risk of failure)
Press: ? - help, Shift-Dir - straight line, f - dart slug
Aim: a dart slug (100% to hit)
The magic dart hits the dart slug.
The dart slug is heavily wounded.
The dart slug launches a dart at you. The slug dart hits you.
The dart slug launches a dart at you. The slug dart hits you.
* * * LOW HITPOINT WARNING * * *
You enter the shallow water.
Moving in this stuff is going to be slow.
Casting: Magic Dart (safe; 3% risk of failure)
Confirm with . or Enter, or press ? or * to list all spells.
Aiming: Magic Dart (safe; 3% risk of failure)
Press: ? - help, Shift-Dir - straight line, f/p - dart slug
Aim: a dart slug (heavily wounded, 100% to hit)
The magic dart hits the dart slug.
The dart slug is severely wounded.
The dart slug briefly extends its eye-stalks.
The dart slug launches a dart at you. The slug dart hits you.
You die...

.........~≈~~~~~h≈ghw~~l~~~~
.........~≈≈~≈≈≈≈≈≈≈≈≈≈≈≈≈≈~
....#...≈≈≈≈≈≈≈≈≈≈≈≈≈≈≈≈≈ #
#...~≈≈#+#'#≈≈≈≈≈≈≈#
#...~≈≈+(..##'###'##
#...≈≈≈+...'.......+
#...~≈≈#+###.#####.###+
#....≈≈≈≈#...#...#...'≈
#..⌠w.@~≈'.⌠.'...###†#≈
#.†⌠..~≈~'.⌠.'.<.###.#≈
#....~≈≈≈#...#...#...'≈
#...~≈≈#'#'#.#####.###'
###...≈≈≈'...#)......#...
#.....~≈≈'...##'###'##...
#.....~≈≈#+#'#≈≈≈≈≈≈≈#'#'
#.....~≈≈≈≈≈≈≈≈≈≈≈≈≈≈≈≈≈≈
#w....≈≈≈≈≈≈≈≈≈≈≈≈≈≈≈≈≈≈≈


You could see a dart slug.

Vanquished Creatures
  A dart slug (D:1)
  A quokka (D:1)
  A bat (D:1)
  A frilled lizard (D:1)
4 creatures vanquished.

Notes
Turn   | Place    | Note
-------+----------+-------------------------------------------
     0 | D:1      | Marcotte the Human Conjurer began the quest for the Orb.
     0 | D:1      | Reached XP level 1. HP: 13/13 MP: 3/3
   231 | D:1      | Killed from afar by a dart slug

Illustrated notes

Levels and vault maps discovered:
D:1:      dpeg_arrival_castle, layout_basic, serial_corexii_hall,
          chequers_hall_statues_wall_a, chequers_hall_statues_y,
          corexii_hall_statues_l, corexii_hall_statues_i

Action                   || total
-------------------------++-------
Melee: Unarmed           ||     3
 Cast: Magic Dart        ||    12
Armor: Robe              ||     1
Dodge: Dodged            ||     7
